Map: Proxima Station LE

Players

Nice

  • Race: Protoss Protoss
  • League: Grandmaster
  • Spawn Location: 1:00

Jason - Winner!

  • Race: Terran Terran
  • League: Grandmaster
  • Spawn Location: 7:00

VOD

Have the link to the VOD?

Description

Byun's build played by Jason TvP

Time

  • Played on: May 1, 2017, 8:15 p.m.
  • Length: 6:29
Show
View Real Time Build Order
Export as new Build Order

Nice Protoss 

Build Orders: 1 Gate Expand, Oracle Opening, Phoenix Opening 

Get SALT Encoding   

  12  0:03  Probe (Chrono Boost)  
  13  0:13  Probe (Chrono Boost)  
  14  0:19  Pylon  
  14  0:24  Probe (Chrono Boost)  
  15  0:37  Probe (Chrono Boost)  
  15  0:40  Gateway  
  16  0:47  Probe (Chrono Boost)  
  16  0:49  Assimilator  
  17  0:58  Probe (Chrono Boost)  
  18  1:08  Probe (Chrono Boost)  
  19  1:19  Probe (Chrono Boost)  
  20  1:27  Nexus  
  20  1:35  Cybernetics Core  
  20  1:37  Probe (Chrono Boost)  
  21  1:49  Probe (Chrono Boost), Assimilator  
  22  1:56  Pylon  
  22  1:59  Probe (Chrono Boost)  
  23  2:11  Adept  
  23  2:15  Warp Gate  
  26  2:16  Probe (Chrono Boost)  
  26  2:28  Probe (Chrono Boost)  
  27  2:32  Stargate  
  26  2:39  Adept  
  26  2:40  Probe (Chrono Boost)  
  26  2:41  Probe (Chrono Boost)  
  30  2:50  Probe (Chrono Boost)  
  31  2:52  Probe (Chrono Boost)  
  32  3:01  Probe (Chrono Boost)  
  32  3:02  Probe (Chrono Boost)  
  34  3:10  Oracle  
  34  3:12  Probe (Chrono Boost)  
  35  3:13  Probe (Chrono Boost)  
  38  3:25  Probe (Chrono Boost)  
  39  3:32  Nexus  
  39  3:34  Pylon, Probe (Chrono Boost)  
  41  3:45  Mothership Core (Chrono Boost), Probe (Chrono Boost)  
  41  3:46  Phoenix  
  45  3:57  Gateway  
  45  3:58  Gateway  
  45  3:59  Probe (Chrono Boost)  
  46  4:05  Probe (Chrono Boost)  
  46  4:08  Phoenix  
  46  4:09  Probe (Chrono Boost)  
  48  4:14  Pylon  
  51  4:17  Probe (Chrono Boost)  
  51  4:21  Probe (Chrono Boost)  
  51  4:23  Assimilator  
  52  4:27  Assimilator  
  52  4:30  Phoenix, Probe (Chrono Boost)  
  53  4:34  Probe (Chrono Boost)  
  56  4:42  Probe (Chrono Boost)  
  56  4:45  Probe (Chrono Boost)  
  58  4:46  Probe (Chrono Boost)  
  58  4:50  Forge  
  58  4:51  Twilight Council  
  60  4:54  Probe (Chrono Boost)  
  60  4:55  Probe (Chrono Boost)  
  60  4:56  Probe (Chrono Boost)  
  60  4:57  Phoenix  
  62  5:06  Probe x2 (Chrono Boost)  
  66  5:10  Probe (Chrono Boost)  
  66  5:14  Adept x2  
  71  5:15  Adept  
  71  5:16  Probe (Chrono Boost)  
  71  5:18  Probe (Chrono Boost)  
  76  5:21  Probe (Chrono Boost)  
  77  5:28  Probe (Chrono Boost)  
  77  5:35  Pylon  
  77  5:36  Pylon  
  77  5:46  Gateway  
  77  5:49  Phoenix, Gateway  
  77  5:52  Gateway  
  77  5:53  Gateway  
  77  5:55  Gateway  
  79  6:01  Probe x3 (Chrono Boost)  
  82  6:07  Pylon  
  82  6:10  Adept x2  
  86  6:12  Adept  
  86  6:15  Pylon  
  91  6:18  Probe (Chrono Boost)  
Show
View Real Time Build Order
Export as new Build Order

Jason Terran - Winner!

Build Orders: Reaper Expand 

Get SALT Encoding   

  12  0:00  SCV  
  13  0:12  SCV  
  14  0:18  Supply Depot  
  14  0:24  SCV  
  15  0:40  SCV  
  15  0:41  Barracks  
  16  0:44  Refinery  
  16  0:52  SCV  
  17  1:04  SCV  
  18  1:16  SCV  
  19  1:29  Orbital Command, Reaper  
  20  1:42  Command Center  
  20  1:52  Barracks  
  20  1:57  SCV  
  21  2:02  Barracks Reactor  
  21  2:09  SCV  
  21  2:12  Barracks  
  22  2:21  SCV  
  23  2:27  Supply Depot  
  23  2:41  Barracks Tech Lab  
  23  2:48  Marine x2  
  23  2:49  SCV  
  26  2:54  Orbital Command  
  26  3:00  Marine  
  26  3:01  SCV, Marine  
  26  3:02  Stimpack  
  29  3:09  Marine x2  
  29  3:10  Supply Depot  
  31  3:13  SCV  
  31  3:19  Marine x2  
  32  3:22  SCV  
  32  3:24  Engineering Bay  
  32  3:26  Refinery  
  34  3:27  SCV  
  34  3:30  Marine  
  34  3:31  Marine  
  37  3:35  SCV  
  37  3:39  SCV  
  39  3:42  Factory  
  39  3:45  Marine  
  39  3:46  Barracks Reactor  
  40  3:50  SCV  
  40  3:52  Marine x2  
  40  3:55  SCV  
  44  3:57  Terran Infantry Weapons Level 1  
  44  4:01  Supply Depot  
  44  4:04  Marine  
  44  4:05  SCV  
  44  4:07  SCV  
  47  4:11  Marine x2  
  49  4:18  SCV  
  49  4:20  SCV  
  49  4:24  Marine x2  
  51  4:28  Starport, Factory Reactor  
  51  4:29  Marine  
  51  4:30  SCV, Marine x2  
  57  4:32  SCV  
  57  4:38  Supply Depot  
  58  4:42  SCV  
  58  4:44  SCV  
  58  4:45  Marine x2  
  60  4:46  Supply Depot  
  60  4:52  Supply Depot  
  62  4:59  SCV, Marine  
  66  5:00  Marauder  
  66  5:03  SCV  
  66  5:04  Marine x2  
  66  5:05  Refinery, Supply Depot  
  69  5:13  Medivac x2  
  73  5:15  SCV  
  73  5:17  Marine  
  73  5:18  SCV  
  76  5:22  Supply Depot  
  76  5:25  Marine x2  
  76  5:26  Marine x2  
  80  5:31  Missile Turret  
  80  5:33  SCV x2  
  82  5:36  Marine  
  82  5:38  Factory Reactor  
  83  5:43  Marine  
  83  5:44  Marine x2  
  83  5:45  SCV, Marine  
  83  5:46  SCV  
  89  5:52  Supply Depot  
  89  5:56  Marine  
  90  6:02  SCV  
  90  6:03  Marauder  
  97  6:06  SCV  
  97  6:08  Marine, Supply Depot  
  97  6:09  Marine  
  100  6:24  Command Center  
Tags
 
Add a new tag
Caveats
  • Supply blocks, unpowered buildings, or Contaminate may cause inaccurate times.
  • Supply counts are checked every 10 seconds.